 Dungeon Crawl Stone Soup version 0.21.1-1-g345015fe64 (webtiles) character file.

2924 Oakleaf the Basher (level 9, -7/85 HPs)
             Began as a Troll Berserker on July 8, 2018.
             Was an Elder of Trog.
             Mangled by a hornet (9 damage)
             ... on level 7 of the Dungeon.
             The game lasted 00:33:29 (5863 turns).

Oakleaf the Basher (Troll Berserker)                Turns: 5863, Time: 00:33:30

Health: -7/85      AC:  5    Str: 27    XL:     9   Next: 50%
Magic:  8/8        EV: 11    Int:  3    God:    Trog [****..]
Gold:   312        SH:  0    Dex: 12    Spells: 8/8 levels left

rFire    . . .     SeeInvis +   a - +0 mace
rCold    . . .     Gourm    +   (no shield)
rNeg     . . .     Faith    .   b - +0 animal skin
rPois    .         Spirit   .   (helmet restricted)
rElec    .         Reflect  .   (no cloak)
rCorr    .         Harm     .   (gloves unavailable)
MR       .....                  (boots unavailable)
Stlth    +.........             (no amulet)
HPRegen  0.64/turn              d - ring of see invisible
MPRegen  0.11/turn              q - ring of flight

@: lethally poisoned (-7 -> -9), berserk cooldown, slowed, very slow
A: large, unfitting armour, claws 3, fast metabolism 3, gourmand, regeneration
1, shaggy fur 1, tough skin 2
a: Berserk, Trog's Hand, Brothers in Arms, Burn Spellbooks, Renounce Religion,
Evoke Flight


You were on level 7 of the Dungeon.
You worshipped Trog.
Trog was greatly pleased with you.
You were very full.

You visited 1 branch of the dungeon, and saw 7 of its levels.

You collected 442 gold pieces.
You spent 130 gold pieces at shops.

Inventory:

Hand Weapons
 a - a +0 mace (weapon)
 l - a +0 flail
 s - a +0 giant spiked club
Armour
 b - a +0 animal skin (worn)
 h - a +0 naga barding
Jewellery
 d - a ring of see invisible (left claw)
 j - a cursed ring of teleportation
 q - a ring of flight (right claw)
Wands
 o - a wand of enslavement (14)
 x - a wand of scattershot (3)
 y - a wand of random effects (23)
Scrolls
 e - a scroll of enchant armour {unknown}
 f - a scroll of fear {unknown}
 i - 2 scrolls of teleportation
 k - a scroll of amnesia {unknown}
 m - a scroll of noise {unknown}
 n - 4 scrolls of remove curse
 p - a scroll of blinking
 r - a scroll of identify
 v - a scroll of immolation {unknown}
Potions
 g - 3 potions of curing
 t - a potion of heal wounds {unknown}
 u - 2 potions of degeneration {unknown}
 w - a potion of flight {unknown}
 z - 3 potions of mutation {unknown}
Comestibles
 c - 10 rations


   Skills:
 + Level 4.7 Fighting
 * Level 11.0 Maces & Flails
 - Level 3.6 Dodging
 + Level 0.3 Evocations


You had 8 spell levels left.
You didn't know any spells.

Dungeon Overview and Level Annotations

Branches:
Dungeon (7/15)             Temple (0/1) D:4

Altars:
Elyvilon
Nemelex Xobeh
Okawaru
Qazlal
Yredelemnul
Zin
The Shining One

Shops:
D:4 *   D:7 :


Innate Abilities, Weirdness & Mutations

You are too large for most types of armour.
You have claws for hands.
Your metabolism is lightning-fast.
You like to eat raw meat.
Your natural rate of healing is unusually fast.
You are covered in fur. (AC +1)
You have very tough skin. (AC +2)


Message History

The hornet closely misses you. The hornet stings you!
* * * LOW HITPOINT WARNING * * *
You are poisoned.
You feel as though you will be slow longer.
You feel better. The hornet completely misses you. The hornet stings you.
* * * LOW HITPOINT WARNING * * *
You feel as though you will be slow longer.
You hit the hornet.
The hornet is heavily wounded.
The hornet stings you but does no damage.
The hornet stings you.
* * * LOW HITPOINT WARNING * * *
You are poisoned.
You feel as though you will be slow longer.
You feel better. The hornet stings you!!
* * * LOW HITPOINT WARNING * * *
You are lethally poisoned!
You feel as though you will be slow longer.
The hornet stings you!
You die...

#....................# #
#....................###
#.......................
##...............##.####
#(#).........##.##.# ##
#.##..)....#.##.##.# #.
#............##....###.
##............##...##..
#....@..........#.##..
#....y.........)#.##..
#............##.#.##..
#.#.........###.#.##..
#.##........###.......
#.######...(((##......
#.# #.#..#..#....## #.#
#............#
#^######...........##


You could see a hornet.

Vanquished Creatures
  A two-headed ogre (D:7)
  A hippogriff (D:7)
  The ghost of JarielCorvus the Skirmisher, an amateur DrBe of Trog (D:4)
  A water moccasin (D:7)
  A sky beast (D:7)
  An orc warrior (D:7)
  The ghost of Dyme the Skirmisher, an amateur DgSk (D:3)
  3 ogres
  2 centaurs
  A bullfrog (D:3)
  A scorpion (D:4)
  2 howler monkeys
  4 crimson imps
  A quasit (D:7)
  A bullfrog skeleton (D:7)
  A centaur zombie (D:7)
  3 hounds
  3 orc priests
  2 orc wizards (D:6)
  4 iguanas
  3 worker ants
  A hound skeleton (D:4)
  3 gnolls (D:3)
  14 adders
  4 shadow imps
  2 oozes
  3 adder skeletons
  5 worms
  3 dart slugs
  6 leopard geckos
  25 orcs
  3 giant cockroaches
  7 goblins
  4 hobgoblins
  14 jackals
  7 kobolds
  3 quokkas
  7 bats
  7 frilled lizards
  A goblin skeleton (D:6)
  A goblin zombie (D:6)
  A hobgoblin zombie (D:6)
  2 kobold skeletons (D:6)
  A kobold zombie (D:6)
  A leopard gecko zombie (D:5)
  3 orc zombies (D:6)
  10 rats
  A plant (D:3)
177 creatures vanquished.

Notes
Turn   | Place    | Note
-------+----------+-------------------------------------------
     0 | D:1      | Oakleaf the Troll Berserker began the quest for the Orb.
     0 | D:1      | Reached XP level 1. HP: 22/22 MP: 0/0
    56 | D:1      | Reached skill level 3 in Maces & Flails
    56 | D:1      | Reached XP level 2. HP: 29/29 MP: 1/1
   208 | D:1      | Found a sparkling altar of Nemelex Xobeh.
   478 | D:1      | Reached XP level 3. HP: 36/36 MP: 2/2
   618 | D:1      | Reached ** piety under Trog
   947 | D:2      | Found a stormy altar of Qazlal.
   973 | D:2      | Reached skill level 4 in Maces & Flails
   975 | D:2      | Reached XP level 4. HP: 44/44 MP: 3/3
  1567 | D:3      | Noticed a bullfrog
  1571 | D:3      | Killed a bullfrog
  1571 | D:3      | Reached XP level 5. HP: 52/52 MP: 4/4
  1632 | D:3      | Noticed Dyme's ghost (amateur DgSk)
  1658 | D:3      | Killed Dyme's ghost
  1658 | D:3      | Reached skill level 5 in Maces & Flails
  1721 | D:3      | Reached XP level 6. HP: 59/59 MP: 5/5
  1770 | D:3      | Reached *** piety under Trog
  2629 | D:4      | Found an iron altar of Okawaru.
  2663 | D:4      | Reached skill level 6 in Maces & Flails
  2805 | D:4      | Found Pifiown's Assorted Antiques.
  2809 | D:4      | Bought a glowing brass ring for 130 gold pieces
  3042 | D:4      | Noticed JarielCorvus's ghost (amateur DrBe)
  3069 | D:4      | Killed JarielCorvus's ghost
  3069 | D:4      | Reached XP level 7. HP: 67/67 MP: 6/6
  3090 | D:4      | Found a staircase to the Ecumenical Temple.
  3134 | D:4      | Found a glowing silver altar of Zin.
  3231 | D:5      | Entered Level 5 of the Dungeon
  3346 | D:5      | Reached skill level 7 in Maces & Flails
  3453 | D:5      | Found a sparkling altar of Nemelex Xobeh.
  3802 | D:5      | Found a white marble altar of Elyvilon.
  4153 | D:6      | Reached **** piety under Trog
  4239 | D:6      | Reached skill level 8 in Maces & Flails
  4239 | D:6      | Reached XP level 8. HP: 61/75 MP: 7/7
  4421 | D:6      | Found a glowing golden altar of the Shining One.
  4712 | D:6      | Found a basalt altar of Yredelemnul.
  4863 | D:6      | Found a glowing golden altar of the Shining One.
  5023 | D:7      | Found Cufue's Book Shop.
  5129 | D:7      | Reached skill level 9 in Maces & Flails
  5161 | D:7      | Noticed a hippogriff
  5182 | D:7      | Killed a hippogriff
  5490 | D:7      | Reached XP level 9. HP: 84/84 MP: 8/8
  5531 | D:7      | Reached skill level 10 in Maces & Flails
  5832 | D:7      | Noticed a two-headed ogre
  5838 | D:7      | Killed a two-headed ogre
  5838 | D:7      | Reached skill level 11 in Maces & Flails
  5850 | D:7      | Paralysed by a hornet for 3 turns
  5863 | D:7      | HP: 2/85 [hornet (18)]
  5863 | D:7      | Mangled by a hornet

Skill      XL: |  1  2  3  4  5  6  7  8  9 |
---------------+----------------------------+-----
Maces & Flails | 3 4 5 6 8 9 11 | 11.0
Dodging        | 3 |  3.6
Fighting       | 3 4 |  4.7
Evocations     | |  0.3

Action                   |  1- 3 |  4- 6 |  7- 9 || total
-------------------------+-------+-------+-------++-------
Melee: Mace              |    88 |   210 |   296 ||   594
Invok: Berserk           |     4 |     9 |    13 ||    26
       Trog's Hand       |       |     1 |     2 ||     3
 Abil: Evoke Flight      |       |       |     1 ||     1
Evoke: Wand              |       |       |     3 ||     3
  Use: Scroll            |       |     4 |     4 ||     8
       Potion            |       |       |     3 ||     3
  Eat: Chunk             |    17 |    27 |    32 ||    76
       Ration            |       |       |     3 ||     3
Armor: Animal skin       |    32 |    48 |   103 ||   183
Dodge: Dodged            |    55 |   100 |   180 ||   335
